Workbook

Sheet Лист1
I1: Затверджено
I2: Наказ Міністерства фінансів України
I3: 26.08.2014 № 836
I4: (у редакції наказу Міністерства фінансів України від 15 листопада 2018 року №908)
A7: Звіт
A8: про виконання паспорта бюджетної програми місцевого бюджету за 2018 рік
A9: 1. | B9: 0200000 | E9: Виконавчий комітет Саксаганської районної у місті ради
B10: (КТПКВК МБ) | E10: (найменування головного розпорядника)
A11: 2. | B11: 0210000 | E11: Виконавчий комітет Саксаганської районної у місті ради
B12: (КТПКВК МБ) | E12: (найменування відповідального виконавця)
A13: 3. | B13: 0216030 | C13: 0620 | E13: Організація благоустрою населених пунктів
B14: (КТПКВК МБ) | C14: (КФКВК) | E14: (найменування бюджетної програми)
A15: 4. | B15: Видатки (надані кредити) за бюджетною програмою:
B16: (грн)
B20: Затверджено у паспорті бюджетної програми | E20: Касові видатки (надані кредити) | H20: Відхилення
B21: загальний фонд | C21: спеціальний фонд | D21: усього | E21: загальний фонд | F21: спеціальний фонд | G21: усього | H21: загальний фонд | I21: спеціальний фонд | J21: усього
B22: 1 | C22: 2 | D22: 3 | E22: 4 | F22: 5 | G22: 6 | H22: 7 | I22: 8 | J22: 9
B23: =[1]Ф.2.11!$D$23 -> 788611 | C23: =[1]Ф.4.1.КФК3!$D$23+[1]Ф.4.3.КФК2!$D$22 -> 10863.83 | D23: =B23+C23 -> 799474.83 | E23: =[1]Ф.2.11!$H$23 -> 788579.02 | F23: =[1]Ф.4.1.КФК3!$K$29+[1]Ф.4.3.КФК2!$J$22 -> 10863.46 | G23: =E23+F23 -> 799442.48 | H23: =E23-B23 -> -31.98 | I23: =F23-C23 -> -0.37 | J23: =H23+I23 -> -32.35
A28: 5. | B28: Напрями використання бюджетних коштів:
B29: (грн)
A31: N з/п | B31: Напрями використання бюджетних коштів | C31: Затверджено у паспорті бюджетної програми | F31: Касові видатки (надані кредити) | I31: Відхилення
C32: загальний фонд | D32: спеціальний фонд | E32: усього | F32: загальний фонд | G32: спеціальний фонд | H32: усього | I32: загальний фонд | J32: спеціальний фонд | K32: усього
A33: 1 | B33: 2 | C33: 3 | D33: 4 | E33: 5 | F33: 6 | G33: 7 | H33: 8 | I33: 9 | J33: 10 | K33: 11
A34: 1 | B34: Організація благоустрою населених пунктів | C34: =B23 -> 788611 | D34: 10864 | E34: =C34+D34 -> 799475 | F34: =E23 -> 788579.02 | G34: =F23 -> 10863.46 | H34: =F34+G34 -> 799442.48 | I34: =F34-C34 -> -31.98 | J34: =G34-D34 -> -0.54 | K34: =I34+J34 -> -32.52
B36: Усього | C36: =SUM(C34:C35) -> 788611 | D36: =SUM(D34:D35) -> 10864 | E36: =SUM(E34:E35) -> 799475 | F36: =SUM(F34:F35) -> 788579.02 | G36: =SUM(G34:G35) -> 10863.46 | H36: =SUM(H34:H35) -> 799442.48 | I36: =SUM(I34:I35) -> -31.98 | J36: =SUM(J34:J35) -> -0.54 | K36: =SUM(K34:K35) -> -32.52
A37: Пояснення щодо причин відхилення між касовими видатками (наданими кредитами) та затвердженими у паспорті бюджетної програми - Відхилення пояснюється економією коштів при укладанні договорів та відхилення по спеціальному фонду пояснюється у звязку з надходження коштів по спеціальному фонду, як власні надходження, а саме плата за оренду, що не була передбачена та витрачалась на реалізацію заходів та не призвів до запровадження нових заходів програми
A40: 6. | B40: Видатки (надані кредити) на реалізацію місцевих/регіональних програм, які виконуються в межах бюджетної програми:
B41: (грн)
B44: Найменування місцевої / регіональної програми | C44: Затверджено у паспорті бюджетної програми | F44: Касові видатки (надані кредити) | I44: Відхилення
C45: загальний фонд | D45: спеціальний фонд | E45: усього | F45: загальний фонд | G45: спеціальний фонд | H45: усього | I45: загальний фонд | J45: спеціальний фонд | K45: усього
B46: 1 | C46: 2 | D46: 3 | E46: 4 | F46: 5 | G46: 6 | H46: 7 | I46: 8 | J46: 9 | K46: 10
B47: Програма реалізації заходів на розвиток благоустрою на 2017 – 2019 роки, зі змінами | C47: =C49 -> 788611 | D47: =D49 -> 10864 | E47: =E49 -> 799475 | F47: =F49 -> 788579.02 | G47: =G49 -> 10863.46 | H47: =H49 -> 799442.48 | I47: =I49 -> -31.98 | J47: =J49 -> -0.54 | K47: =K49 -> -32.52
B48: Підпрограма
B49: =B34 -> Організація благоустрою населених пунктів | C49: =C34 -> 788611 | D49: =D34 -> 10864 | E49: =E34 -> 799475 | F49: =F34 -> 788579.02 | G49: =G34 -> 10863.46 | H49: =F49+G49 -> 799442.48 | I49: =I34 -> -31.98 | J49: =J34 -> -0.54 | K49: =K34 -> -32.52
B50: Усього | C50: =C49 -> 788611 | D50: =D49 -> 10864 | E50: =E49 -> 799475 | F50: =F49 -> 788579.02 | G50: =G49 -> 10863.46 | H50: =H49 -> 799442.48 | I50: =I49 -> -31.98 | J50: =J49 -> -0.54 | K50: =K49 -> -32.52
B51: =A37 -> Пояснення щодо причин відхилення між касовими видатками (наданими кредитами) та затвердженими у паспорті бюджетної програми - Відхилення пояснюється економією коштів при укладанні договорів та відхилення по спеціальному фонду пояснюється у звязку з надходження коштів по спеціальному фонду, як власні надходження, а саме плата за оренду, що не була передбачена та витрачалась на реалізацію заходів та не призвів до запровадження нових заходів програми
A54: 7. | B54: Результативні показники бюджетної програми та аналіз їх виконання:
A56: N з/п | B56: Показники | C56: Одиниця виміру | D56: Джерело інформації | E56: Затверджено у паспорті бюджетної програми | H56: Фактичні результативні показники, досягнуті за рахунок касових видатків (наданих кредитів) | K56: Відхилення
E58: загальний фонд | F58: спеціальний фонд | G58: усього | H58: загальний фонд | I58: спеціальний фонд | J58: усього | K58: загальний фонд | L58: спеціальний фонд | M58: усього
A59: 1 | B59: 2 | C59: 3 | D59: 4 | E59: 5 | F59: 6 | G59: 7 | H59: 8 | I59: 9 | J59: 10 | K59: 11 | L59: 12 | M59: 13
B60: =B34 -> Організація благоустрою населених пунктів
B61: Завдання 1
B62: Оплата послуг з інвентаризації та паспортизації об’єктів благоустрою району
A63: 1 | B63: затрат
B64: обсяг видатків | C64: грн. | D64: Рішення Саксаганської районної у місті ради від 23.12.2016 №102 "Про затвердження Програми реалізації заходів на розвиток благоустрою на 2017-2019 роки" , зі змінами та Рішення Саксаганської районної у місті ради віди 22 грудня 2017 року № 185 "Про районний у місті бюджет на 2018 рік" зі змінами | E64: 0 | F64: 0 | G64: =E64+F64 -> 0 | H64: 0 | I64: 0 | J64: =H64+I64 -> 0 | K64: =H64-E64 -> 0 | L64: =I64-F64 -> 0 | M64: =K64+L64 -> 0
A65: Пояснення щодо причин відхилення між касовими видатками (наданими кредитами) та затвердженими у паспорті бюджетної програми - відхилення не виявлено.
A66: 2 | B66: продукту
B67: Кількість об'єктів благоустрою | C67: од. | D67: Рішення Криворізької міської ради від 23.11.2016 №1094 "Про передачу окремих об'єктів благоустрою від управління благоустрою та житлової політики виконкому Криворізької міської ради на балансовий облік виконкомів районних у місті рад" та Рішення Саксаганської районної у місті ради віди 22 грудня 2017 року № 185 "Про районний у місті бюджет на 2018 рік" зі змінами | E67: 0 | H67: 0 | J67: =H67+I67 -> 0 | K67: =H67-E67 -> 0 | L67: =I67-F67 -> 0 | M67: =K67+L67 -> 0
A68: Пояснення щодо причин розбіжностей між затвердженими та досягнутими результативними показниками - відхилення не виявлено.
A69: 3 | B69: ефективності
B70: Витрати на один об'єкт | C70: грн. | D70: розрахунково | E70: 0 | G70: =E70+F70 -> 0 | H70: 0 | J70: =H70+I70 -> 0 | K70: =H70-E70 -> 0 | L70: =I70-F70 -> 0 | M70: =K70+L70 -> 0
A71: Пояснення щодо причин відхилення між касовими видатками (наданими кредитами) та затвердженими у паспорті бюджетної програми - відхилення не виявлено.
A72: 4 | B72: якості
B73: Відсоток виконання програми - відсоток виконання кількості до запланованих | C73: % | D73: х | E73: 100 | F73: 100 | G73: 100 | H73: 100 | I73: 100 | J73: 100 | K73: 100 | L73: 100 | M73: 100
A74: Пояснення щодо причин розбіжностей між затвердженими та досягнутими результативними показниками - відсутні, оскільки виконання 100%
A75: 6 | B75: Завдання 2
B76: Придбання природного газу для вічних вогнів
A77: 6 | B77: затрат
B78: обсяг видатків | C78: грн. | D78: Рішення Саксаганської районної у місті ради від 23.12.2016 №102 "Про затвердження Програми реалізації заходів на розвиток благоустрою на 2017-2019 роки" , зі змінами та Рішення Саксаганської районної у місті ради віди 22 грудня 2017 року № 185 "Про районний у місті бюджет на 2018 рік" | E78: 51651 | F78: 0 | G78: =E78+F78 -> 51651 | H78: =[1]Ф.2.11!$G$41 -> 51650.58 | I78: 0 | J78: =H78+I78 -> 51650.58 | K78: =H78-E78 -> -0.42 | L78: =I78-F78 -> 0 | M78: =K78+L78 -> -0.42
A79: Пояснення щодо причин розбіжностей між затвердженими та досягнутими результативними показниками - Відхилення пояснюється економією коштів при укладанні договорів на придбання послуг
A80: 8 | B80: продукту
B81: Кількість об"єктів благоустрою | C81: од. | D81: Рішення Криворізької міської ради від 23.11.2016 №1094 "Про передачу окремих об'єктів благоустрою від управління благоустрою та житлової політики виконкому Криворізької міської ради на балансовий облік виконкомів районних у місті рад" | E81: 2 | G81: =E81+F81 -> 2 | H81: 2 | I81: 0 | J81: =H81+I81 -> 2 | K81: =H81-E81 -> 0 | L81: =I81-F81 -> 0 | M81: =K81+L81 -> 0
A82: Пояснення щодо причин розбіжностей між затвердженими та досягнутими результативними показниками - відхилення не виявлено, видатки виконані в повному обсязі.
A83: 9 | B83: ефективності
B84: Витрати на один об'єкт | C84: грн. | D84: розрахунково | E84: =E78/E81 -> 25825.5 | G84: =E84+F84 -> 25825.5 | H84: =H78/H81 -> 25825.29 | I84: 0 | J84: =H84+I84 -> 25825.29 | K84: =H84-E84 -> -0.21 | L84: =I84-F84 -> 0 | M84: =K84+L84 -> -0.21
A85: Пояснення щодо причин розбіжностей між затвердженими та досягнутими результативними показниками - Відхилення пояснюється економією коштів при укладанні договорів на придбання послуг
B86: якості
B87: Відсоток виконання програми - відсоток виконання кількості до запланованих | C87: % | D87: х | E87: 100 | F87: 100 | G87: 100 | H87: 100 | I87: 100 | J87: 100 | K87: 100 | L87: 100 | M87: 100
A88: Пояснення щодо причин розбіжностей між затвердженими та досягнутими результативними показниками - відсутні, оскільки виконання 100%
A89: 11 | B89: Завдання 3:
B90: Утримання об'єктів благоустрою
A91: 12 | B91: затрат
B92: обсяг видатків | C92: грн. | D92: Рішення Саксаганської районної у місті ради від 23.12.2016 №102 "Про затвердження Програми реалізації заходів на розвиток благоустрою на 2017-2019 роки" , зі змінами та Рішення Саксаганської районної у місті ради віди 22 грудня 2017 року № 185 "Про районний у місті бюджет на 2018 рік" зі змінами | E92: 314062 | F92: 615 | G92: =E92+F92 -> 314677 | H92: =E92-30.66 -> 314031.34 | I92: =[1]Ф.4.1.КФК3!$K$65 -> 614.63 | J92: =H92+I92 -> 314645.97 | K92: =H92-E92 -> -30.66 | L92: =I92-F92 -> -0.37 | M92: =K92+L92 -> -31.03
A93: Пояснення щодо причин розбіжностей між затвердженими та досягнутими результативними показниками - Відхилення пояснюється економією коштів при укладанні договорів на придбання послуг
A94: 13 | B94: продукту
B95: Кількість об"єктів благоустрою | C95: од. | D95: Рішення Криворізької міської ради від 23.11.2016 №1094 "Про передачу окремих об'єктів благоустрою від управління благоустрою та житлової політики виконкому Криворізької міської ради на балансовий облік виконкомів районних у місті рад" | E95: =14+13-1 -> 26 | F95: 1 | G95: =E95+F95 -> 27 | H95: 26 | I95: 1 | J95: =H95+I95 -> 27 | K95: =H95-E95 -> 0 | L95: =I95-F95 -> 0 | M95: =K95+L95 -> 0
A96: Пояснення щодо причин розбіжностей між затвердженими та досягнутими результативними показниками - відхилення не виявлено, видатки виконані в повному обсязі.
A97: 14 | B97: ефективності
B98: Витрати на один об'єкт | C98: грн. | D98: розрахунково | E98: =E92/E95 -> 12079.308 | F98: =F92/F95 -> 615 | G98: =E98+F98 -> 12694.308 | H98: =H92/H95 -> 12078.128 | I98: =I92/I95 -> 614.63 | J98: =H98+I98 -> 12692.758 | K98: =H98-E98 -> -1.1792308 | L98: =I98-F98 -> -0.37 | M98: =K98+L98 -> -1.5492308
A99: Пояснення щодо причин розбіжностей між затвердженими та досягнутими результативними показниками - Відхилення пояснюється економією коштів при укладанні договорів на придбання послуг
B100: якості
B101: Відсоток виконання програми - відсоток виконання кількості до запланованих | C101: % | D101: х | E101: 100 | F101: 100 | G101: 100 | H101: 100 | I101: 100 | J101: 100 | K101: 100 | L101: 100 | M101: 100
A102: Пояснення щодо причин розбіжностей між затвердженими та досягнутими результативними показниками - відсутні, оскільки виконання 100%
A103: 16 | B103: Завдання 4
B104: Поточний ремонт об’єктів благоустрою
A105: 17 | B105: затрат
B106: обсяг видатків | C106: грн. | D106: Рішення Саксаганської районної у місті ради від 23.12.2016 №102 "Про затвердження Програми реалізації заходів на розвиток благоустрою на 2017-2019 роки" , зі змінами та Рішення Саксаганської районної у місті ради віди 22 грудня 2017 року № 185 "Про районний у місті бюджет на 2018 рік" зі змінами | E106: 180811 | F106: 0 | G106: =E106+F106 -> 180811 | H106: =180811-0.09 -> 180810.91 | I106: 0 | J106: =H106+I106 -> 180810.91 | K106: =H106-E106 -> -0.09 | L106: =I106-F106 -> 0 | M106: =K106+L106 -> -0.09
A107: Пояснення щодо причин розбіжностей між затвердженими та досягнутими результативними показниками - Відхилення пояснюється економією коштів при укладанні договорів на придбання послуг
A108: 18 | B108: продукту
B109: Кількість об"єктів благоустрою | C109: од. | D109: Рішення Криворізької міської ради від 23.11.2016 №1094 "Про передачу окремих об'єктів благоустрою від управління благоустрою та житлової політики виконкому Криворізької міської ради на балансовий облік виконкомів районних у місті рад" | E109: =7+1+1+1-1+1 -> 10 | G109: =E109+F109 -> 10 | H109: 10 | I109: 0 | J109: =H109+I109 -> 10 | K109: =H109-E109 -> 0 | L109: =I109-F109 -> 0 | M109: =K109+L109 -> 0
A110: Пояснення щодо причин розбіжностей між затвердженими та досягнутими результативними показниками - відсутні, оскільки виконання 100%
A111: 19 | B111: ефективності
B112: Витрати на один об'єкт | C112: грн. | D112: розрахунково | E112: =E106/E109 -> 18081.1 | G112: =E112+F112 -> 18081.1 | H112: =H106/H109 -> 18081.091 | I112: 0 | J112: =H112+I112 -> 18081.091 | K112: =H112-E112 -> -0.009 | L112: =I112-F112 -> 0 | M112: =K112+L112 -> -0.009
A113: Пояснення щодо причин розбіжностей між затвердженими та досягнутими результативними показниками - Відхилення пояснюється економією коштів при укладанні договорів на придбання послуг
B114: якості
B115: Відсоток виконання програми - відсоток виконання кількості до запланованих | C115: % | D115: х | E115: 100 | F115: 100 | G115: 100 | H115: 100 | I115: 100 | J115: 100 | K115: 100 | L115: 100 | M115: 100
A116: Пояснення щодо причин розбіжностей між затвердженими та досягнутими результативними показниками - відсутні, оскільки виконання 100%
A117: 21 | B117: Завдання 5
B118: Придбання зі встановленням нових нових об’єктів та елементів благоустрою
A119: 22 | B119: затрат
...
